 Dungeon Crawl Stone Soup version 0.27.0-1-g7a089689b8 (webtiles) character file.

Game seed: 16483962965177709748

896 rocky1 the Arsonist (level 7, -17/36 HPs)
             Began as a Deep Elf Fire Elementalist on Aug 10, 2021.
             Was an Initiate of Sif Muna.
             Demolished by Duvessa (19 damage)
             ... on level 5 of the Dungeon.
             The game lasted 00:16:46 (4727 turns).

rocky1 the Arsonist (Deep Elf Fire Elementalist)    Turns: 4727, Time: 00:16:48

Health: -17/36     AC:  3    Str:  5    XL:     7   Next: 78%
Magic:  15/24      EV: 12    Int: 22    God:    Sif Muna [......]
Gold:   134        SH:  0    Dex: 15    Spells: 14/15 levels left

rFire    . . .     SeeInvis .   j - +2 dagger (freeze)
rCold    . . .     Faith    .   (no shield)
rNeg     . . .     Spirit   .   a - +0 robe
rPois    .         Reflect  .   (no helmet)
rElec    .         Harm     .   l - +0 cloak
rCorr    .         Rampage  .   (no gloves)
Will     .....                  (no boots)
Stlth    ++........             (no amulet)
HPRegen  0.12/turn              c - ring of magical power
MPRegen  0.19/turn              (no ring)

@: mighty
A: no striking features
a: Renounce Religion


You were on level 5 of the Dungeon.
You worshipped Sif Muna.
Sif Muna was noncommittal.
You visited 2 branches of the dungeon, and saw 6 of its levels.

You collected 134 gold pieces.

Inventory:

Hand Weapons
 j - a +2 dagger of freezing (weapon)
 s - a +0 spear
Missiles
 e - 124 stones
Armour
 a - a +0 robe (worn)
 l - a +0 cloak (worn)
Magical Staves
 i - a staff of cold
Jewellery
 c - a ring of magical power (left hand)
 f - a ring of ice
 r - a ring of flight
Scrolls
 g - 2 scrolls of identify {unknown}
 h - 3 scrolls of teleportation {unknown}
 m - a scroll of immolation {unknown}
 p - a scroll of torment {unknown}
 t - a scroll of acquirement {unknown}
 u - a scroll of magic mapping {unknown}
Potions
 b - 2 potions of might
 d - 2 potions of haste {unknown}
 k - 2 potions of lignification {unknown}
 n - a potion of berserk rage {unknown}
 o - a potion of degeneration {unknown}
 q - a potion of flight {unknown}


   Skills:
 - Level 2.4 Dodging
 - Level 2.4 Stealth
 + Level 4.5 Spellcasting
 + Level 5.0 Conjurations
 + Level 8.5 Fire Magic


You had 14 spell levels left.
You knew the following spells:

 Your Spells              Type           Power      Damage    Failure   Level
a - Foxfire               Conj/Fire      100%       2x1d9     1%          1

Your spell library contained the following spells:

 Spells                   Type           Power      Damage    Failure   Level
 Conjure Flame            Conj/Fire      34%        6-21      1%          3
 Inner Flame              Hex/Fire       23%        N/A       5%          3
 Sticky Flame             Conj/Fire      34%        2d5       6%          4
 Fireball                 Conj/Fire      17%        3d9       19%         5


Dungeon Overview and Level Annotations

Branches:
Dungeon (5/15)             Temple (1/1) D:5

Altars:
Ashenzari
Dithmenos
Fedhas
Gozag
Kikubaaqudgha
Nemelex Xobeh
Okawaru
Ru
Sif Muna
Uskayaw
Wu Jian
Xom
Yredelemnul
Zin

Annotations:
D:5 Duvessa


Message History

Duvessa is heavily wounded.
Unknown command.
You conjure some foxfire!
Duvessa hits you with a +0 short sword!
You conjure some foxfire!
The foxfire hits Dowan.
You kill Dowan!
Sif Muna accepts your kill.
Duvessa screams, "No!
How DARE you!"
Duvessa goes berserk!
Duvessa hits you with a +0 short sword.
Your Conjurations skill increases to level 5!
Unknown command.
You conjure some foxfire!
Duvessa hits you with a +0 short sword. Duvessa hits you with a +0 short sword!
* * * LOW HITPOINT WARNING * * *
You are too injured to fight recklessly!
Unknown command.
Okay, then.
Okay, then.
You aren't carrying any items that you can evoke without wielding.
The foxfire hits Duvessa.
Duvessa is heavily wounded.
The foxfire hits Duvessa.
Duvessa is heavily wounded.
The foxfire hits Duvessa.
Duvessa is severely wounded.
The foxfire hits Duvessa.
Duvessa is severely wounded.
The foxfire hits Duvessa.
Duvessa is almost dead.
It was a potion of might.
You feel very mighty all of a sudden. Duvessa barely misses you.
Okay, then.
You are too injured to fight recklessly!
Casting: Foxfire (safe; 1% risk of failure)
Confirm with . or Enter, or press ? or * to list all spells.
You conjure some foxfire!
Duvessa hits you with a +0 short sword.
* * * LOW HITPOINT WARNING * * *
Duvessa hits you with a +0 short sword!!
Ouch! That really hurt!
You die...

.....................§.§.≈.≈.≈
....##...##...................
.##.##...##..........≈.≈.≈.≈.
............#.....###....§..
..#.#..#...#....>####≈.≈
..#...###......#.......
............##.#....#
..###...........v...#
.....####.......@..##
.#......##.....v.e##
......#..........).....#
..##..##.............###
......###.)......$...# .....##
#..........$.# ...###
#............. .#.#
......#....... ####
.....#........


You could see Duvessa (berserk, fast, ally target).

Vanquished Creatures
  Menkaure (D:5)
  A necrophage (D:4)
  4 ogres
  A scorpion (D:5)
  Dowan (D:5)
  A jelly (D:5)
  2 centaur skeletons
  2 hound skeletons
  7 adders
  An ufetubus (D:3)
  2 dart slugs
  An orc (D:4)
  6 ball pythons
  6 endoplasms
  A giant cockroach (D:1)
  6 goblins
  7 hobgoblins
  4 jackals
  3 quokkas
  4 bats
  5 frilled lizards
  5 kobolds
  7 rats
78 creatures vanquished.

Vanquished Creatures (collateral kills)
  A foxfire (D:3)
1 creature vanquished.

Vanquished Creatures (others)
  287 foxfires
287 creatures vanquished.

Grand Total: 366 creatures vanquished

Notes
Turn   | Place    | Note
-------+----------+-------------------------------------------
     0 | D:1      | rocky1 the Deep Elf Fire Elementalist began the quest for
                  | the Orb.
     0 | D:1      | Reached XP level 1. HP: 10/10 MP: 6/6
   220 | D:1      | Found a faded altar of an unknown god.
   263 | D:1      | Reached XP level 2. HP: 15/15 MP: 8/8
   264 | D:1      | Reached skill level 4 in Fire Magic
   782 | D:2      | Reached XP level 3. HP: 13/19 MP: 9/9
   999 | D:2      | Reached skill level 5 in Fire Magic
  1282 | D:2      | You fall into a shaft and drop 2 floors!
  1312 | D:4      | Reached XP level 4. HP: 13/24 MP: 10/10
  1575 | D:4      | Noticed an ogre
  1817 | D:3      | Noticed an ogre
  1827 | D:3      | Killed an ogre
  1828 | D:3      | Reached skill level 6 in Fire Magic
  1828 | D:3      | Reached XP level 5. HP: 28/28 MP: 11/11
  1886 | D:3      | Found a sparkling altar of Nemelex Xobeh.
  1886 | D:3      | Found an opulent altar of Gozag.
  1923 | D:3      | Found a broken altar of Ashenzari.
  1933 | D:3      | Found an ornate altar of the Wu Jian Council.
  1940 | D:3      | Found a shimmering altar of Xom.
  2533 | D:2      | Reached skill level 7 in Fire Magic
  3186 | D:4      | Noticed a necrophage
  3193 | D:4      | Killed a necrophage
  3194 | D:4      | Reached XP level 6. HP: 32/32 MP: 12/12
  4234 | D:5      | Entered Level 5 of the Dungeon
  4253 | D:5      | Reached XP level 7. HP: 36/36 MP: 13/13
  4279 | D:5      | Noticed Menkaure
  4283 | D:5      | Killed Menkaure
  4284 | D:5      | Reached skill level 8 in Fire Magic
  4484 | D:5      | Found a staircase to the Ecumenical Temple.
  4504 | Temple   | Entered the Ecumenical Temple
  4682 | Temple   | Became a worshipper of Sif Muna the Loreminder
  4714 | D:5      | Noticed Duvessa
  4715 | D:5      | Noticed Dowan
  4723 | D:5      | Killed Dowan
  4724 | D:5      | Reached skill level 5 in Conjurations
  4727 | D:5      | Demolished by Duvessa

Illustrated notes

Levels and vault maps discovered:
D:1:      minmay_arrival_open_corners, layout_basic,
          hellmonk_ecumenical_altar_slurped_away
D:2:      layout_loops_cross, kennysheep_pointless_box, minmay_hexomino_u4
D:3:      layout_basic, grunt_temple_overflow_opulence,
          grunt_temple_overflow_diamond
D:4:      layout_layer_cave, supply_closet_lemuel
D:5:      layout_cave_pools, minitemple, minmay_temple_entry_stoned_glass,
          kennysheep_crisscross, uniq_duvessa, uniq_menkaure
Temple:   compressed_dpeg_triangle_lava_temple

Skill      XL: |  1  2  3  4  5  6  7 |
---------------+----------------------+-----
Fire Magic     | 4 5 6 7 8 |  8.5
Conjurations   | 2 3 5 |  5.0
Spellcasting   | 4 |  4.5
Dodging        | |  2.4
Stealth        | |  2.4

Action                   |  1- 3 |  4- 6 |  7- 9 || total
-------------------------+-------+-------+-------++-------
Melee: Dagger            |       |     8 |       ||     8
 Cast: Foxfire           |    64 |    78 |    32 ||   174
  Use: Potion            |       |       |     1 ||     1
 Stab: Sleeping          |       |     1 |       ||     1
Armor: Robe              |     3 |     5 |       ||     8
Dodge: Dodged            |    10 |    11 |     5 ||    26
